 Dungeon Crawl Stone Soup version 0.30.1-11-g7821555f0a (webtiles) character file.

Game seed: 2523792486278058546

78 sizableburger the Trooper (level 4, -1/42 HPs)
             Began as a Naga Warper on Nov 13, 2023.
             Slain by Natasha (6 damage)
             ... on level 2 of the Dungeon.
             The game lasted 00:02:08 (924 turns).

sizableburger the Trooper (Naga Warper)              Turns: 924, Time: 00:02:08

Health: -1/42      AC:  2    Str: 15    XL:     4   Next: 36%
Magic:  7/7        EV:  9    Int: 14    God:
Gold:   96         SH:  0    Dex: 10    Spells: 5/7 levels left

rFire   . . .        a - +0 spear
rCold   . . .        (no shield)
rNeg    . . .        b - +0 leather armour
rPois   +            (no helmet)
rElec   .            (no cloak)
rCorr   .            (no gloves)
SInv    +            (no barding)
Will    .....        (no amulet) Stlth
                     (no ring)
HPRegen 0.27/turn    (no ring)
MPRegen 0.10/turn

%: no passive effects
@: confused, ambrosia-drunk, very slow
A: AC +1, large, see invisible, deformed body, poison resistance, slowness 2,
spit poison 1, naga tail 1
a: Spit Poison


You were on level 2 of the Dungeon.
You visited 1 branch of the dungeon, and saw 2 of its levels.

You collected 96 gold pieces.

Inventory:

Hand Weapons
 a - a +0 spear (weapon)
Missiles
 d - 7 boomerangs of dispersal (quivered)
Armour
 b - a +0 leather armour (worn)
Scrolls
 c - a scroll of blinking
 f - 2 scrolls of noise {unknown}
 h - 2 scrolls of identify {unknown}
 j - a scroll of vulnerability {unknown}
 k - a scroll of teleportation {unknown}
 l - a scroll of silence {unknown}
Potions
 e - a potion of flight


   Skills:
 + Level 3.4 Fighting
 + Level 3.4 Polearms
 - Level 0.8 Throwing
 - Level 0.7 Armour
 - Level 1.5 Dodging
 - Level 2.0 Spellcasting
 - Level 3.0 Translocations


You had 5 spell levels left.
You knew the following spells:

 Your Spells              Type           Power      Damage    Failure   Level
a - Blink                 Tloc           18%        N/A       13%         2

Your spell library contained the following spells:

 Spells                   Type           Power      Damage    Failure   Level
 Lesser Beckoning         Tloc           18%        N/A       13%         2
 Teleport Other           Tloc           9%         N/A       26%         3
 Vhi's Electric Charge    Tloc/Air       10%        N/A       43%         3
 Manifold Assault         Tloc           9%         N/A       63%         4


Dungeon Overview and Level Annotations

Branches:
Dungeon (2/15)

Altars:

Annotations:
D:2 Natasha, Robin


Innate Abilities, Weirdness & Mutations

Your serpentine skin is tough. (AC +1)
You have supernaturally acute eyesight. (SInv)
Armour fits poorly on your strangely shaped body.
Your system is resistant to poisons. (rPois)
You cover ground very slowly.
You can spit poison.
You have a snake-like lower body.


Message History

You hear a shout!
Reach: a) +0 spear
Press: ? - help, Dir - move target, f - bat
Aim: a bat (heavily wounded, about 54% to evade your +0 spear)
You reach to attack!
You hit the bat.
You kill the bat!
You hear a shout! x2
Unknown command.
Okay, then.
Okay, then.
It was a potion of flight.
You feel very buoyant.
You fly up into the air.
You have got your breath back.
It was a potion of cancellation.
Your magical effects are unravelling.
You feel magically purged.
You float gracefully downwards.
Robin roars a battlecry!
The cerulean imp closely misses you.
Natasha mumbles some strange words.
You hear a shout!
It was a potion of ambrosia.
You are confused.
You feel invigorated. Robin throws the goblin at you!
The goblin hits you with a dagger.
* * * LOW HITPOINT WARNING * * *
The cerulean imp completely misses you. Natasha claws you!
* * * LOW HITPOINT WARNING * * *
Something unseen opens the door. 2 goblins come into view.
You bump into the rock wall.
The goblin shouts! x2
A goblin comes into view. It is wielding a +0 dagger.
Robin says, "Kneel, worm!"
The goblin closely misses you.
A goblin comes into view. It is wielding a +0 dagger.
The cerulean imp hits you from afar with a +0 spear.
* * * LOW HITPOINT WARNING * * *
Natasha claws you.
You die...

##########.##.....#.#
................<..<.
############...#..###
#.......#...#.....
#.#####.#####...##
#.#.............#
#.#...#.######..#
#g#...#.##......#
#@#.....##......#
..######h###############
..g....5†# .g..##g#'#
.......g...# ...gg.....#
..........# ....#'###.#
#... ..


You could see Robin, Natasha, a cerulean imp (summoned) and 4 goblins.

Vanquished Creatures
  Natasha (D:2)
  2 adders (D:2)
  2 dart slugs (D:1)
  An endoplasm (D:1)
  5 goblins
  4 hobgoblins
  2 kobolds (D:1)
  A quokka (D:1)
  4 ball pythons
  4 bats
  4 frilled lizards (D:1)
  A rat (D:1)
31 creatures vanquished.

Notes
Turn   | Place    | Note
-------+----------+-------------------------------------------
     0 | D:1      | sizableburger the Naga Warper began the quest for the Orb.
     0 | D:1      | Reached XP level 1. HP: 19/19 MP: 3/3
    94 | D:1      | Reached XP level 2. HP: 26/26 MP: 5/5
   801 | D:2      | Reached XP level 3. HP: 30/33 MP: 6/6
   804 | D:2      | Learned a level 2 spell: Blink
   892 | D:2      | Noticed Natasha
   900 | D:2      | Killed Natasha
   901 | D:2      | Reached XP level 4. HP: 25/42 MP: 7/7
   916 | D:2      | Noticed Natasha
   918 | D:2      | Noticed Robin
   924 | D:2      | Slain by Natasha

Illustrated notes

Levels and vault maps discovered:
D:1:      spicycebolla_arrival_xxxplode, layout_basic
D:2:      layout_basic, uniq_sigmund, uniq_robin, uniq_natasha

Skill      XL: |  1  2  3 |
---------------+----------+-----
Fighting       | 3 |  3.4
Polearms       | 3 |  3.4
Throwing       | |  0.8
Armour         | |  0.7
Dodging        | |  1.5
Spellcasting   | |  2.0
Translocations | |  3.0

Action                     |  1- 3 |  4- 6 || total
---------------------------+-------+-------++-------
  Melee: Spear             |    95 |    16 ||   111
Ability: Spit Poison       |    11 |     1 ||    12
    Use: Potion            |       |     3 ||     3
 Armour: Leather armour    |    18 |     2 ||    20
  Dodge: Dodged            |    40 |    10 ||    50
